Map: Bridgehead LE (Void)

Players

darkSinister

  • Race: Zerg Zerg
  • League: Grandmaster

SticklerMac - Winner!

  • Race: Terran Terran
  • League: Bronze

VOD

Have the link to the VOD?

Description

Time

  • Played on: July 28, 2015, 10:11 p.m.
  • Length: 12:14
Show
View Real Time Build Order
Export as new Build Order

darkSinister Zerg 

Build Orders: Pool First 

Get SALT Encoding   

  12  0:01  Drone  
  13  0:12  Drone  
  14  0:17  Overlord  
  14  0:36  Drone x3  
  17  0:47  Spawning Pool  
  16  0:50  Drone  
  17  0:58  Drone  
  18  1:07  Extractor  
  18  1:09  Drone  
  18  1:19  Drone  
  19  1:40  Zergling x2  
  19  1:41  Drone  
  19  1:42  Hatchery  
  19  1:43  Queen  
  22  2:01  Overlord  
  22  2:13  Metabolic Boost  
  22  2:35  Drone x3  
  25  2:40  Hatchery  
  24  2:44  Extractor  
  24  2:49  Lair  
  23  2:56  Queen  
  23  2:58  Drone x3  
  26  3:05  Drone  
  29  3:06  Drone  
  30  3:45  Extractor  
  30  3:47  Extractor  
  28  3:56  Spire  
  28  3:57  Drone x3  
  28  3:58  Drone  
  31  4:03  Drone x3  
  31  4:04  Drone x3  
  37  4:10  Drone x5  
  42  4:22  Overlord  
  42  4:40  Queen  
  44  4:48  Overlord x4  
  44  4:49  Overlord  
  44  5:07  Mutalisk x5  
  44  5:10  Mutalisk  
  56  5:15  Mutalisk  
  58  5:22  Mutalisk  
  58  5:24  Zergling x2  
  58  5:25  Zergling x2  
  62  5:31  Mutalisk  
  62  5:33  Zergling x2  
  62  5:34  Zergling x4  
  67  5:41  Mutalisk  
  69  5:44  Zergling x6  
  72  6:29  Mutalisk  
  72  6:30  Mutalisk x4  
  82  6:33  Drone x5  
  87  7:02  Hatchery  
  82  7:23  Drone x8  
  82  7:25  Overlord x3  
  82  7:26  Overlord x2  
  90  7:41  Extractor  
  90  7:42  Drone  
  90  7:43  Drone x2, Extractor  
  90  7:44  Drone x4  
  95  7:53  Evolution Chamber  
  95  7:58  Evolution Chamber  
  93  8:06  Infestation Pit  
  93  8:07  Drone x3  
  93  8:09  Drone x2  
  93  8:10  Drone x4  
  94  8:37  Zergling x2  
  94  8:38  Zergling x18  
  104  8:43  Zerg Flyer Weapons Level 1  
  104  8:50  Overlord x3  
  104  8:52  Spire  
  103  9:15  Mutalisk x3  
  103  9:16  Mutalisk x4  
  117  9:31  Drone x4  
  120  9:32  Overlord  
  121  9:46  Hive  
  121  10:09  Extractor  
  121  10:10  Hatchery, Extractor  
  92  10:51  Corruptor x5  
  92  10:52  Corruptor x12  
  100  11:31  Zergling x6  
  87  11:41  Hatchery  
Show
View Real Time Build Order
Export as new Build Order

SticklerMac Terran - Winner!

Build Orders:  

Get SALT Encoding   

  12  0:01  SCV  
  13  0:13  SCV  
  14  0:18  Supply Depot  
  14  0:25  SCV  
  15  0:40  SCV  
  15  0:41  Barracks  
  16  0:52  SCV  
  17  0:59  Supply Depot  
  17  1:04  SCV  
  17  1:09  Refinery  
  18  1:47  SCV  
  19  1:48  Marine  
  19  1:51  Command Center  
  20  1:54  Barracks  
  20  1:59  SCV  
  21  2:17  SCV  
  22  2:23  Factory  
  22  2:26  Barracks  
  22  2:28  Marine  
  23  2:33  SCV  
  24  2:45  SCV  
  25  2:52  Barracks Tech Lab  
  25  2:57  SCV  
  25  2:58  Refinery  
  26  3:06  SCV  
  26  3:09  SCV  
  26  3:10  Factory Reactor  
  28  3:18  Starport  
  28  3:23  SCV  
  28  3:25  SCV  
  30  3:30  Marine  
  30  3:32  Marine  
  32  3:43  Marine  
  33  3:56  SCV x2  
  35  4:08  SCV x2  
  37  4:11  Barracks  
  37  4:12  Barracks Reactor  
  37  4:18  Engineering Bay  
  37  4:20  SCV x2  
  37  4:21  Engineering Bay  
  39  4:24  Supply Depot  
  39  4:32  SCV  
  39  4:33  SCV  
  41  4:39  Barracks Reactor, Barracks  
  41  4:43  Marine  
  43  4:47  Marauder  
  43  4:49  Stimpack  
  45  4:52  SCV  
  45  4:53  SCV  
  46  5:00  Terran Infantry Armor Level 1, Marine  
  46  5:02  Terran Infantry Weapons Level 1  
  49  5:09  Orbital Command  
  49  5:10  Orbital Command  
  49  5:14  Marauder  
  49  5:16  Marine  
  49  5:17  Marine  
  49  5:18  Barracks Reactor, Marine  
  52  5:27  Barracks Reactor  
  52  5:31  Medivac  
  54  6:02  Supply Depot x2  
  54  6:04  Supply Depot  
  54  6:11  Supply Depot x2  
  54  6:12  Supply Depot x2  
  54  6:14  Supply Depot  
  54  6:21  Supply Depot  
  54  6:23  SCV, Medivac, Marine x7  
  54  6:24  SCV, Marauder  
  67  6:26  Medivac  
  69  6:35  SCV  
  70  6:41  Marine x6  
  70  6:42  Marine  
  70  6:45  Marauder  
  70  6:59  Marine  
  70  7:09  Marine x2  
  70  7:10  Marine x5  
  68  7:16  Marine  
  69  7:27  Marine x2  
  69  7:29  Marine x2  
  72  7:30  Marine x3  
  76  7:46  Medivac x2  
  76  7:48  Marine  
  76  7:49  Marine x2  
  83  8:16  Medivac x2  
  81  8:40  SCV x2  
  83  8:43  Marine x6  
  83  8:44  Marine x2  
  91  8:52  SCV x2  
  93  9:00  Marine  
  93  9:01  Marine x5  
  98  9:04  SCV x2  
  99  9:15  Marine x2  
  99  9:16  SCV x2  
  103  9:18  Marine x2  
  103  9:19  Marine x4  
  109  9:28  SCV x2  
  109  9:29  Missile Turret  
  109  9:30  Missile Turret  
  111  9:32  Marine  
  111  9:33  Marine  
  111  9:36  Marine  
  114  9:55  Marine  
  114  9:56  Marine x7  
  122  10:13  Marine  
  122  10:14  Marine x2  
  110  11:05  Marine  
  110  11:06  Marine  
  110  11:11  Marine  
  110  11:12  Marine  
  110  11:14  Marine  
  110  11:19  Marine  
  110  11:20  Marine  
  110  11:21  Marine  
  110  11:29  Marine  
  110  11:31  Marine  
Tags
 
Add a new tag
Caveats
  • Supply blocks, unpowered buildings, or Contaminate may cause inaccurate times.
  • Supply counts are checked every 10 seconds.